 Dungeon Crawl Stone Soup version 0.23-a0-489-g205b0b6 (webtiles) character file.

3017 MisterFreud the Firebug (level 9, 0/68 HPs)
             Began as a Naga Fire Elementalist on Dec 2, 2018.
             Was a Priest of Cheibriados.
             Slain by a killer bee (4 damage)
             ... on level 8 of the Dungeon.
             The game lasted 00:27:19 (7995 turns).

MisterFreud the Firebug (Naga Fire Elementalist)    Turns: 7995, Time: 00:27:20

Health: 0/68       AC: 10    Str: 19    XL:     9   Next: 85%
Magic:  4/17       EV: 11    Int: 30    God:    Cheibriados [***...]
Gold:   258        SH:  7    Dex: 20    Spells: 6/19 levels left

rFire    . . .     SeeInvis +   J - +5 spear (curse)
rCold    . . .     Gourm    .   B - +2 buckler
rNeg     . . .     Faith    .   a - +0 robe
rPois    +         Spirit   .   (no helmet)
rElec    .         Reflect  .   I - +0 cloak
rCorr    .         Harm     .   f - +0 pair of gloves
MR       +....                  E - +0 naga barding (curse)
Stlth    +++.......             t - amulet of magic regeneration
HPRegen  0.21/turn              e - +3 ring of evasion
MPRegen  0.40/turn              G - +4 ring of intelligence

@: lethally poisoned (0 -> 0), about to teleport, very slow
A: large, see invisible, deformed body, poison resistance, slowness 2, slow
metabolism 1, spit poison 1, AC +3
a: Spit Poison, Bend Time, Temporal Distortion, Renounce Religion


You were on level 8 of the Dungeon.
You worshipped Cheibriados.
Cheibriados was most pleased with you.
You were very hungry.

You visited 2 branches of the dungeon, and saw 9 of its levels.

You collected 258 gold pieces.

Inventory:

Hand Weapons
 q - a +1 spear
 J - a cursed +5 spear (weapon)
Missiles
 b - 57 poisoned needles
 k - 166 arrows
 l - 116 stones (quivered)
 p - 67 bolts
 v - 36 sling bullets
Armour
 a - a +0 robe (worn)
 f - a +0 pair of gloves (worn)
 B - a +2 buckler (worn)
 E - a cursed +0 naga barding (worn)
 I - a +0 cloak (worn)
 M - a +0 large shield
 N - a +0 shield
Jewellery
 e - a +3 ring of evasion (left hand)
 m - an uncursed ring of positive energy
 o - an uncursed ring of flight
 t - an amulet of magic regeneration (around neck)
 z - an uncursed amulet of the acrobat
 A - an uncursed ring of ice
 G - a +4 ring of intelligence (right hand)
Wands
 x - a wand of iceblast (26)
 K - a wand of enslavement (4)
 L - a wand of polymorph (9)
 O - a wand of paralysis (7)
Scrolls
 d - 2 scrolls of remove curse
 g - 4 scrolls of blinking {unknown}
 s - a scroll of magic mapping
 y - 2 scrolls of enchant weapon
 D - a scroll of enchant armour {unknown}
 F - a scroll of teleportation
 H - a scroll of random uselessness {unknown}
Potions
 h - a potion of ambrosia
 i - 2 potions of magic
 j - a potion of curing {unknown}
 n - 2 potions of might {unknown}
 r - 3 potions of heal wounds {unknown}
 u - a potion of haste {unknown}
 w - a potion of brilliance {unknown}
 C - a potion of lignification {unknown}
Comestibles
 c - 12 rations


   Skills:
 - Level 1.5 Dodging
 - Level 3.0 Stealth
 - Level 2.4 Shields
 - Level 5.5 Spellcasting
 - Level 7.0 Conjurations
 - Level 7.1 Fire Magic
 + Level 7.1 Invocations


You had 6 spell levels left.
You knew the following spells:

 Your Spells              Type           Power        Failure   Level  Hunger
a - Flame Tongue          Conj/Fire      #####        1%          1    None
b - Conjure Flame         Conj/Fire      ######..     1%          3    None
c - Sticky Flame          Conj/Fire      ######..     3%          4    ###....
d - Fireball              Conj/Fire      ######....   9%          5    #####..

Your spell library contained the following spells:

 Spells                   Type           Power        Failure   Level  Hunger
 Throw Flame              Conj/Fire      ######       1%          2    None
 Dazzling Spray           Conj/Hex       ####..       3%          3    None
 Inner Flame              Hex/Fire       ####....     3%          3    None
 Corona                   Hex            #......      5%          1    None
 Ensorcelled Hibernation  Hex/Ice        #.....       9%          2    None
 Confuse                  Hex            #.......     17%         3    None
 Tukima's Dance           Hex            #.......     17%         3    None


Dungeon Overview and Level Annotations

Branches:
Dungeon (8/15)             Temple (1/1) D:5
   Lair: D:8-11

Altars:
Cheibriados
Dithmenos
Kikubaaqudgha
Okawaru
Sif Muna
Trog
Uskayaw

Shops:
D:5 [

Annotations:
D:3 3 runed doors, mopl's ghost, amateur HOFi


Innate Abilities, Weirdness & Mutations

You cannot wear boots.
Your serpentine skin is tough. (AC +3)
You have supernaturally acute eyesight. (SInv)
Armour fits poorly on your strangely shaped body.
Your system is resistant to poisons. (rPois)
You cover ground very slowly.
You have a slow metabolism.
You can spit poison.


Message History

Unknown command.
As you read the scroll of teleportation, it crumbles to dust.
You feel strangely unstable.
The killer bee burns!
You kill the killer bee!
Cheibriados thoroughly appreciates the change of pace.
A killer bee comes into view. x2
The killer bee stings you.
* * * LOW HITPOINT WARNING * * *
A killer bee comes into view.
You feel sick. The killer bee barely misses you.
The killer bee stings you but does no damage.
You block the wolf's attack. The killer bee barely misses you.
A wolf comes into view.
The killer bee misses you. You block the killer bee's attack.
The wolf bites you.
* * * LOW HITPOINT WARNING * * *
The killer bee stings you.
* * * LOW HITPOINT WARNING * * *
The wolf barely misses you. The killer bee stings you.
You die...

### #.#### #######
#....#####......
########.##.....#......
.........######....^...
##.#####.### ###......
......y....# #.....<
..####@h..# #####.#
#.#y#...# #.#
#y##..h.... #.#
#y#.##.##....#####.#
#.# #.#.# ...........
#.# ##.. /..#####.# #.#
.#. .. #.# ## # #.. ##.


You could see 2 wolves and 4 killer bees.

Vanquished Creatures
  Pikel (D:8)
  A queen bee (D:8)
  A hippogriff (D:7)
  An orc warrior (D:7)
  A black bear (D:6)
  A centaur (D:6)
  An ogre (D:4)
  A big kobold (D:7)
  2 bullfrogs
  A wyvern skeleton (D:8)
  9 killer bees
  5 wights (D:7)
  2 crimson imps
  A bullfrog zombie (D:5)
  4 orc priests
  2 hounds
  A bullfrog skeleton (D:5)
  2 jellies
  Jessica (D:3)
  4 iguanas
  7 orc wizards
  2 worker ants
  A hound skeleton (D:6)
  12 adders
  A shadow imp (D:6)
  An adder zombie (D:6)
  2 adder skeletons (D:4)
  3 worms
  A dart slug (D:4)
  7 leopard geckos
  30 orcs
  14 bats
  4 giant cockroaches
  15 goblins
  6 hobgoblins
  6 jackals
  2 quokkas
  4 frilled lizards
  A jackal zombie (D:8)
  6 kobolds
  2 leopard gecko skeletons
  2 quokka skeletons
  5 rats
176 creatures vanquished.

Vanquished Creatures (others)
  A hound (D:8)
1 creature vanquished.

Grand Total: 177 creatures vanquished

Notes
Turn   | Place    | Note
-------+----------+-------------------------------------------
     0 | D:1      | MisterFreud the Naga Fire Elementalist began the quest for
                  | the Orb.
     0 | D:1      | Reached XP level 1. HP: 15/15 MP: 3/3
   137 | D:1      | Reached XP level 2. HP: 19/22 MP: 5/5
  1030 | D:2      | Reached XP level 3. HP: 28/28 MP: 4/6
  1118 | D:2      | Learned a level 3 spell: Conjure Flame
  1557 | D:2      | Reached XP level 4. HP: 36/36 MP: 7/7
  2269 | D:3      | Reached XP level 5. HP: 38/42 MP: 1/8
  2289 | D:3      | Noticed Jessica
  2299 | D:3      | Killed Jessica
  2757 | D:3      | Found a runed gate.
  2759 | D:3      | Found a runed gate.
  2760 | D:3      | Found a runed gate.
  2762 | D:3      | Noticed mopl's ghost (amateur HOFi)
  3195 | D:4      | Reached XP level 6. HP: 49/49 MP: 6/9
  3228 | D:4      | Learned a level 4 spell: Sticky Flame
  3371 | D:4      | Reached skill level 5 in Conjurations
  3379 | D:4      | Reached skill level 5 in Fire Magic
  3780 | D:4      | Found an ancient bone altar of Kikubaaqudgha.
  4005 | D:4      | Reached XP level 7. HP: 55/55 MP: 10/10
  4291 | D:5      | Entered Level 5 of the Dungeon
  4421 | D:5      | Found a staircase to the Ecumenical Temple.
  4426 | Temple   | Entered the Ecumenical Temple
  4430 | Temple   | Became a worshipper of Cheibriados the Contemplative
  4483 | D:5      | Found an iron altar of Okawaru.
  4523 | D:5      | Reached skill level 1 in Shields
  4813 | D:5      | Found a deep blue altar of Sif Muna.
  5025 | D:5      | Reached * piety under Cheibriados
  5147 | D:5      | Found Ymiox's Armour Shoppe.
  5774 | D:6      | Found a bloodstained altar of Trog.
  5835 | D:6      | Reached XP level 8. HP: 25/62 MP: 8/12
  6414 | D:6      | Found a snail-covered altar of Cheibriados.
  6519 | D:7      | Reached ** piety under Cheibriados
  6821 | D:8      | Noticed Pikel
  6842 | D:8      | Killed Pikel
  6842 | D:8      | Reached XP level 9. HP: 66/68 MP: 12/16
  6970 | D:7      | Reached skill level 5 in Spellcasting
  7098 | D:7      | Reached skill level 1 in Invocations
  7387 | D:7      | Reached *** piety under Cheibriados
  7412 | D:7      | Reached skill level 5 in Invocations
  7596 | D:7      | Learned a level 5 spell: Fireball
  7976 | D:8      | Noticed a queen bee
  7989 | D:8      | Killed a queen bee
  7995 | D:8      | Slain by a killer bee

Vault maps used:
D:1:      lightli_arrival_chessboard, corexii_corridor_pit
D:3:      gammafunk_ghost_necromancy, uniq_jessica
D:4:      kiku_gazebo_pond_becter, minmay_distorted
D:5:      led_sif_book, minmay_temple_entry_drinking_statues, serial_shops,
          shop, portal_sewer_entry_d, basic_altar, first_ration
D:6:      nicolae_overflow_crystal_walls, corexii_leaking_fountain,
          cheibrodos_worm_habitat
D:7:      enter_bailey_3
D:8:      marbit_many_paths, david_lair_shrubbed, david_nohive_1, uniq_psyche,
          uniq_grum, uniq_pikel
Temple:   kb_temple_of_zot

Skill      XL: |  1  2  3  4  5  6  7  8  9 |
---------------+----------------------------+-----
Conjurations   | 2 3 4 5 7 |  7.0
Fire Magic     | 4 5 7 |  7.1
Shields        | 2 |  2.4
Spellcasting   | 3 4 5 |  5.5
Invocations    | 7 |  7.1
Dodging        | |  1.5
Stealth        | |  3.0

Action                   |  1- 3 |  4- 6 |  7- 9 || total
-------------------------+-------+-------+-------++-------
Melee: Unarmed           |     6 |       |       ||     6
       Spear             |     3 |   102 |   262 ||   367
Throw: Stone             |       |       |     9 ||     9
 Cast: Flame Tongue      |    23 |    44 |    32 ||    99
       Conjure Flame     |       |     8 |     2 ||    10
       Sticky Flame      |       |     3 |    48 ||    51
 Abil: Spit Poison       |    33 |    39 |    38 ||   110
  Use: Scroll            |       |     8 |     4 ||    12
       Potion            |       |     1 |       ||     1
 Stab: Sleeping          |       |     1 |     3 ||     4
  Eat: Chunk             |     4 |    11 |    17 ||    32
Armor: Robe              |     7 |    11 |    81 ||    99
Dodge: Dodged            |    24 |    60 |   125 ||   209
Block: Buckler           |       |       |    76 ||    76

Table legend:
 A = Non-vault XP
 B = Vault XP
 C = Vault XP percentage of total XP
 D = Non-vault monster count
 E = Vault monster count
 F = Vault count percentage of total count
                 A         B        C        D         E       F
            +---------+---------+-------+---------+---------+-------
      Total |    3028 |    1283 |  29.8 |     159 |      17 |   9.7
            +---------+---------+-------+---------+---------+-------
        D:1 |      30 |       0 |   0.0 |      18 |       0 |   0.0
        D:2 |     104 |       0 |   0.0 |      26 |       0 |   0.0
        D:3 |     140 |      37 |  20.9 |      25 |       1 |   3.8
        D:4 |     377 |      19 |   4.8 |      24 |       3 |  11.1
        D:5 |     403 |      63 |  13.5 |      18 |       3 |  14.3
        D:6 |     388 |       0 |   0.0 |      14 |       0 |   0.0
        D:7 |    1413 |       8 |   0.6 |      30 |       4 |  11.8
        D:8 |     173 |    1156 |  87.0 |       4 |       6 |  60.0
            +---------+---------+-------+---------+---------+-------
